 Dungeon Crawl Stone Soup version 0.17-a0-854-g4a4ba72 (webtiles) character file.

922 ahoge the Basher (level 8, -7/69 HPs)
             Began as a Gargoyle Berserker on Apr 28, 2015.
             Was a High Priest of Trog.
             Mangled by ImmaFairy's ghost (11 damage)
             ... on level 5 of the Dungeon.
             The game lasted 00:17:18 (3769 turns).

ahoge the Basher (Gargoyle Berserker)               Turns: 3769, Time: 00:17:18

Health: -7/69      AC:  8    Str: 26    XL:     8   Next: 10%
Magic:  8/8        EV: 11    Int:  8    God:    Trog [*****.]
Gold:   158        SH:  0    Dex:  6    Spells: 0 memorised, 7 levels left

rFire  x . .     SeeInvis .     z - +1 mace (crush)
rCold  + + .     Clarity  .     b - +0 robe "Aghaj" {rC+ rN+ Dex-5} (curse)
rNeg   + + .     SustAb   .     (no shield)
rPois  ∞         Gourm    .     n - +0 helmet
rElec  +         Spirit   .     (no cloak)
rCorr  .         Warding  .     (no gloves)
rMut   .         Stasis   .     (no boots)
MR     ++...                    (no amulet)
Stlth  ..........               (no ring)
                                h - ring of ice

@: berserking, regenerating, very quick, very resistant to hostile enchantments,
extremely unstealthy
A: negative energy resistance 1, electricity resistance, unbreathing,
petrification resistance, rot immunity, AC +5
a: Burn Spellbooks, Berserk, Trog's Hand, Brothers in Arms, Renounce Religion


You were on level 5 of the Dungeon.
You worshipped Trog.
Trog was extremely pleased with you.
You were very hungry.

You visited 1 branch of the dungeon, and saw 5 of its levels.
You also visited: Sewer.

You collected 158 gold pieces.

Inventory:

Hand weapons
 z - a +1 mace of crushing (weapon)
Armour
 b - the cursed +0 robe "Aghaj" (worn) {rC+ rN+ Dex-5}
   (You found it on level 5 of the Dungeon)

   It affects your dexterity (-5).
   It protects you from cold.
   It protects you from negative energy.
   It has a curse placed upon it.
 e - a +0 ring mail
 n - a +0 helmet (worn)
Jewellery
 h - a ring of ice (left hand)
 i - an uncursed ring of magical power {unknown}
Magical devices
 f - a wand of digging (6)
 k - a wand of enslavement (20)
 l - a wand of confusion (34)
 t - a wand of paralysis (7)
 y - a wand of invisibility (1)
Scrolls
 g - 5 scrolls of identify
 m - a scroll of teleportation
 q - a scroll of enchant weapon
 x - 2 scrolls of blinking
Potions
 a - a potion of curing
 o - a potion of magic
 u - a potion of cancellation {unknown}
Comestibles
 c - 2 bread rations
 d - a royal jelly
 j - 2 beef jerkies
 p - 2 meat rations
 r - 6 chunks of flesh
 s - 3 fruits
 w - a slice of pizza


   Skills:
 - Level 3.2 Fighting
 + Level 9.5 Maces & Flails
 - Level 2.1 Armour
 - Level 1.5 Dodging


You had 7 spell levels left.
You didn't know any spells.

Dungeon Overview and Level Annotations

Branches:
Dungeon (5/15)
 Temple: D:4-7

Altars:
Gozag

Annotations:
D:5 ImmaFairy's ghost, experienced FoFi


Innate Abilities, Weirdness & Mutations

You are resistant to torment.
Your stone body is resilient (AC +5).
You are immune to poison.
You resist negative energy.
You are resistant to electric shocks.
You can survive without breathing.
You are immune to petrification.
You are immune to rotting.


Message History

* * * LOW HITPOINT WARNING * * *
You are too injured to fight recklessly!
Use which ability? (? or * to list)
A red film seems to cover your vision as you go berserk!
You feel yourself moving faster!
You feel mighty!
You feel somewhat more hungry. ImmaFairy's ghost hits you!
* * * LOW HITPOINT WARNING * * *
Unknown command.
You closely miss ImmaFairy's ghost.
ImmaFairy's ghost is moderately damaged.
You sock ImmaFairy's ghost!
ImmaFairy's ghost is heavily damaged.
You are feeling very hungry.
ImmaFairy's ghost closely misses you.
You hit ImmaFairy's ghost but do no damage.
ImmaFairy's ghost is heavily damaged.
You hit ImmaFairy's ghost.
ImmaFairy's ghost is severely damaged.
ImmaFairy's ghost hits you!
You die...

#.....#............#
#.....#............#
###.....#............#
........+............+
#.....#............# .
+.....'.............
...##.....#............#
...........#............#
##.....@..#............#
#....W#################
#..... #### #..... ###...
#.#### #..... # #....#
#....# #....# #.....


You could see ImmaFairy's ghost.

Vanquished Creatures
  Duvessa (D:4)
  2 giant frogs (Sewer)
  Dowan (D:4)
  A scorpion (D:4)
  2 hounds (D:2)
  An orc priest (D:4)
  3 orc wizards (D:4)
  A killer bee zombie (D:4)
  Robin (D:2)
  7 gnolls
  13 adders
  6 oozes (Sewer)
  2 worms
  14 giant geckos
  12 orcs
  13 bats
  2 bat skeletons
  15 giant cockroaches
  14 hobgoblins
  12 kobolds
  5 quokkas
  8 ball pythons
  A giant gecko zombie (D:4)
  15 giant newts
  14 goblins
  2 jackals (D:2)
  7 rats
175 creatures vanquished.

Notes
Turn   | Place    | Note
--------------------------------------------------------------
     0 | D:1      | ahoge, the Gargoyle Berserker, began the quest for the Orb.
     0 | D:1      | Reached XP level 1. HP: 14/14 MP: 1/1
   330 | D:1      | Reached XP level 2. HP: 10/19 MP: 2/2
   551 | D:1      | Reached skill level 4 in Maces & Flails
   551 | D:1      | Reached XP level 3. HP: 3/23 MP: 3/3
   901 | D:2      | Acquired Trog's second power
   926 | D:2      | Noticed Robin
   942 | D:2      | Reached XP level 4. HP: 21/28 MP: 4/4
   976 | D:2      | Reached skill level 5 in Maces & Flails
  1002 | D:2      | Killed Robin
  1310 | D:2      | Reached XP level 5. HP: 32/32 MP: 5/5
  1595 | D:2      | Reached skill level 6 in Maces & Flails
  1789 | D:3      | Reached XP level 6. HP: 28/37 MP: 6/6
  1805 | D:3      | Found a glowing drain.
  1831 | Sewer    | Entered a sewer
  2067 | Sewer    | Reached skill level 7 in Maces & Flails
  2070 | Sewer    | Acquired Trog's third power
  2220 | Sewer    | Reached XP level 7. HP: 18/41 MP: 7/7
  2556 | D:3      | Found an opulent altar of Gozag.
  2712 | D:4      | Reached skill level 8 in Maces & Flails
  2850 | D:4      | Noticed Duvessa
  2855 | D:4      | Noticed Dowan
  2870 | D:4      | Killed Duvessa
  2887 | D:4      | Killed Dowan
  3086 | D:4      | Reached skill level 9 in Maces & Flails
  3249 | D:4      | Reached XP level 8. HP: 39/46 MP: 8/8
  3599 | D:5      | Entered Level 5 of the Dungeon
  3610 | D:5      | Got a smoking robe
  3621 | D:5      | Identified the cursed +0 robe "Aghaj" {rC+ rN+ Dex-5} (You found it on level 5 of the Dungeon)
  3749 | D:5      | Noticed ImmaFairy's ghost (experienced FoFi)
  3765 | D:5      | HP: 1/69 [ImmaFairy's ghost (10)]
  3769 | D:5      | Mangled by ImmaFairy's ghost

Action                   |  1- 3 |  4- 6 |  7- 9 || total
-------------------------+-------+-------+-------++-------
Melee: Mace              |    77 |       |    87 ||   164
       Flail             |    35 |   357 |     7 ||   399
       Whip              |       |       |   191 ||   191
Invok: Berserk           |     1 |       |     2 ||     3
       Trog's Hand       |       |     1 |     3 ||     4
  Use: Scroll            |     1 |     3 |     3 ||     7
       Potion            |       |     3 |     2 ||     5
  Eat: Chunk             |     1 |     5 |     7 ||    13
